 Dungeon Crawl Stone Soup version 0.19-a0-628-g9200b3b (webtiles) character file.

96 georgeearnest the Skirmisher (level 4, -3/41 HPs)
             Began as a Hill Orc Fighter on June 13, 2016.
             Slain by georgeearnest's ghost (13 damage)
             ... on level 3 of the Dungeon.
             The game lasted 00:02:40 (1712 turns).

georgeearnest the Skirmisher (Hill Orc Fighter)     Turns: 1712, Time: 00:02:41

Health: -3/41      AC:  7    Str: 19    XL:     4   Next: 67%
Magic:  4/4        EV:  7    Int:  8    God:
Gold:   103        SH:  9    Dex: 10    Spells: 0 memorised, 3 levels left

rFire  . . .     SeeInvis .     a - +0 war axe
rCold  . . .     Gourm    .     b - +0 scale mail
rNeg   . . .     Faith    .     c - +0 shield
rPois  .         Spirit   .     (no helmet)
rElec  .         Dismiss  .     (no cloak)
rCorr  .         Reflect  .     (no gloves)
SustAt .         Harm     .     (no boots)
MR     .....                    (no amulet)
Stlth  ..........               (no ring)
                                (no ring)

@: not resistant to hostile enchantments, extremely unstealthy
A: no striking features
a: no special abilities


You were on level 3 of the Dungeon.
You were not hungry.

You visited 1 branch of the dungeon, and saw 3 of its levels.

You collected 103 gold pieces.

Inventory:

Hand Weapons
 a - a +0 war axe (weapon)
Armour
 b - a +0 scale mail (worn)
 c - a +0 shield (worn)
Jewellery
 k - an uncursed ring of protection from magic {unknown}
Scrolls
 e - a scroll of random uselessness {unknown}
 g - 3 scrolls of remove curse {unknown}
 h - a scroll of immolation {unknown}
 i - a scroll of enchant weapon {unknown}
 j - a scroll of fear {unknown}
 q - a scroll of magic mapping {unknown}
 s - a scroll of recharging {unknown}
 t - a scroll of identify {unknown}
Potions
 d - a potion of might
 f - a potion of mutation {unknown}
 m - 2 potions of curing {unknown}
 n - 2 potions of flight {unknown}
 o - a potion of resistance {unknown}
 r - a potion of ambrosia {unknown}
Comestibles
 l - a slice of pizza
 p - a meat ration


   Skills:
 + Level 4.4 Fighting
 + Level 3.2 Axes
 + Level 4.1 Armour
 + Level 1.0 Dodging
 + Level 3.9 Shields


You had 3 spell levels left.
You didn't know any spells.

Dungeon Overview and Level Annotations

Branches:
Dungeon (3/15)

Altars:
Cheibriados

Annotations:
D:3 georgeearnest's ghost, amateur HOFi


Message History

Georgeearnest's ghost hits you!
You block georgeearnest's ghost's attack.
You slash georgeearnest's ghost!
Georgeearnest's ghost is moderately damaged.
Georgeearnest's ghost hits you.
Your shield and scale mail prevent you from hitting georgeearnest's ghost.
Georgeearnest's ghost is moderately damaged.
Georgeearnest's ghost barely misses you.
You hit georgeearnest's ghost but do no damage.
Georgeearnest's ghost is moderately damaged.
Georgeearnest's ghost hits you. x2
You hit georgeearnest's ghost but do no damage.
Georgeearnest's ghost is moderately damaged.
Georgeearnest's ghost hits you.
* * * LOW HITPOINT WARNING * * *
You closely miss georgeearnest's ghost.
Georgeearnest's ghost is moderately damaged.
You block georgeearnest's ghost's attack.
Georgeearnest's ghost hits you!
You die...

.............##...##
######†###.##.....## #.#
#.#.......## #.#
#....._.....
###.#####.......#.
#.#####.......##.....##.
#.........####.##)..##
..####.##########.#####
#@................
#..W...#############
#......# # ........# #
..#.#.#### # .[......# #
........# ...$....#


You could see georgeearnest's ghost.

Vanquished Creatures
  2 adders (D:2)
  An ooze (D:1)
  2 worms (D:2)
  A dart slug (D:1)
  3 giant geckos
  6 giant cockroaches
  6 goblins
  8 hobgoblins
  8 jackals
  4 kobolds
  A ball python (D:2)
  5 bats
  4 giant newts
  7 rats
58 creatures vanquished.

Notes
Turn   | Place    | Note
--------------------------------------------------------------
     0 | D:1      | georgeearnest the Hill Orc Fighter began the quest for the Orb.
     0 | D:1      | Reached XP level 1. HP: 19/19 MP: 1/1
    34 | D:1      | Reached XP level 2. HP: 24/27 MP: 2/2
   380 | D:1      | Reached XP level 3. HP: 33/33 MP: 3/3
   969 | D:2      | Reached XP level 4. HP: 24/40 MP: 4/4
  1518 | D:2      | Reached skill level 1 in Dodging
  1659 | D:3      | Found a snail-covered altar of Cheibriados.
  1704 | D:3      | Noticed georgeearnest's ghost (amateur HOFi)
  1712 | D:3      | Slain by georgeearnest's ghost

Vault maps used:
D:1:      tarquinn_simple_flora_water_b, hex_large, patterned_corridor
D:3:      lemuel_round_altar

Skill      XL: |  1  2  3  4 |
---------------+-------------+-----
Fighting       | 4 |  4.4
Axes           | 3 |  3.2
Armour         | 4 |  4.1
Dodging        | 1 |  1.0
Shields        | |  3.9

Action                   |  1- 3 |  4- 6 || total
-------------------------+-------+-------++-------
Melee: War axe           |   110 |    73 ||   183
  Eat: Bread ration      |       |     1 ||     1
Armor: Scale mail        |    42 |    35 ||    77
Dodge: Dodged            |    43 |    22 ||    65
Block: Shield            |    53 |    36 ||    89
